 Dungeon Crawl Stone Soup version 0.20.1-1-g8b1a95d (webtiles) character file.

611 OneorTwo the Chiller (level 7, -2/52 HPs)
             Began as a Merfolk Ice Elementalist on Aug 8, 2017.
             Slain by baghtru's ghost (17 damage)
             ... on level 4 of the Dungeon.
             The game lasted 00:19:45 (4481 turns).

OneorTwo the Chiller (Merfolk Ice Elementalist)     Turns: 4481, Time: 00:19:46

Health: -2/52      AC:  4    Str:  8    XL:     7   Next: 44%
Magic:  2/11       EV: 14    Int: 15    God:
Gold:   302        SH:  0    Dex: 16    Spells: 5/11 levels left

rFire    . . .     SeeInvis .   t - +0 trident
rCold    . . .     Gourm    .   (no shield)
rNeg     . . .     Faith    .   a - +1 robe
rPois    .         Spirit   .   (no helmet)
rElec    .         Reflect  .   j - +0 cloak
rCorr    .         Harm     .   (no gloves)
MR       .....                  (no boots)
Stlth    ++........             (no amulet)
Regen    0.2/turn               (no ring)
MPRegen  0.2/turn               (no ring)

@: lethally poisoned (-2 -> -4)
A: change form in water, swift swim, stealthy swim
a: no special abilities


You were on level 4 of the Dungeon.
You were hungry.

You visited 1 branch of the dungeon, and saw 4 of its levels.

You collected 302 gold pieces.

Inventory:

Hand Weapons
 h - a +0 hunting sling
 r - a +5 short sword of venom
 t - a +0 trident (weapon)
Missiles
 i - 206 stones
 p - 2 tomahawks (quivered)
Armour
 a - a +1 robe (worn)
 j - a +0 cloak (worn)
 n - a scarf of cloud immunity
Wands
 k - a wand of polymorph (0/24)
Scrolls
 f - a scroll of enchant armour
 m - 3 scrolls of teleportation
 s - a scroll of enchant weapon {unknown}
Potions
 e - 3 potions of resistance
 o - a potion of cancellation
Books
 b - a book of Frost

   Spells                             Type                      Level
   a - Freeze                         Ice                          1
   b - Throw Frost                    Conjuration/Ice              2
   c - Ozocubu's Armour               Charms/Ice                   3
   d - Throw Icicle                   Conjuration/Ice              4
   e - Summon Ice Beast               Ice/Summoning                4
Comestibles
 c - 4 bread rations
 d - 2 meat rations
 g - a royal jelly
 q - 2 chunks of flesh


   Skills:
 + Level 3.6 Fighting
 * Level 4.1 Polearms
 + Level 3.8 Dodging
 - Level 2.1 Stealth
 + Level 2.9 Spellcasting
 - Level 0.7 Conjurations
 + Level 6.6 Ice Magic


You had 5 spell levels left.
You knew the following spells:

 Your Spells              Type           Power        Failure   Level  Hunger
a - Freeze                Ice            ###.         1%          1    #......
b - Throw Frost           Conj/Ice       ##....       7%          2    ##.....
c - Ozocubu's Armour      Chrm/Ice       ##......     16%         3    ###....


Dungeon Overview and Level Annotations

Branches:
Dungeon (4/15)
 Temple: D:4-7

Altars:
Cheibriados
Ru
Uskayaw
Vehumet
Xom
The Shining One

Annotations:
D:3 2 transporters
D:4 baghtru's ghost, novice HOFi


Message History

You are poisoned.
The worker ant poisons you! Baghtru's ghost misses you.
Casting: Freeze
Confirm with . or Enter, or press ? or * to list all spells.
Aiming: Freeze
Press: ? - help, Shift-Dir - straight line, f/p - worker ant
Aim: a worker ant (heavily wounded)
You freeze the worker ant.
You kill the worker ant!
You feel sick. Baghtru's ghost hits you.
You feel sick.
You see here a worker ant corpse.
Your icy armour starts to melt.
You feel sick.
You feel sick.
You feel sick.
Your icy armour evaporates.
There is a stone staircase leading up here.
Baghtru's ghost hits you!
You die...

... #.. #.. #.# .## #
#.# # ...#.#.######
.# .##.#.#....).##.#
......#..###....#
#......# #.@..# ##
#..#...###W##......
#.
##..........###..#.#
#.
...................<
####.#..##.#####.....
#.#............#.#
#.#..##†######## #
#.## # #..#.#.## #...
#.#...###.######.#
####


You could see baghtru's ghost.

Vanquished Creatures
  An ogre (D:4)
  A scorpion (D:4)
  A howler monkey (D:4)
  A hound (D:4)
  2 orc priests (D:3)
  Terence (D:3)
  2 orc wizards (D:3)
  4 worker ants (D:4)
  4 gnolls
  7 adders
  An ooze (D:4)
  A worm (D:3)
  A dart slug (D:2)
  2 leopard geckos (D:1)
  6 orcs (D:3)
  2 giant cockroaches (D:2)
  6 goblins
  7 hobgoblins
  3 jackals (D:4)
  6 kobolds
  2 quokkas
  A ball python (D:3)
  8 bats
  2 frilled lizards
  A quokka skeleton (D:4)
  5 rats
78 creatures vanquished.

Notes
Turn   | Place    | Note
-------+----------+-------------------------------------------
     0 | D:1      | OneorTwo the Merfolk Ice Elementalist began the quest for the Orb.
     0 | D:1      | Reached XP level 1. HP: 13/13 MP: 3/3
   140 | D:1      | Reached XP level 2. HP: 20/20 MP: 0/5
   255 | D:1      | Learned a level 2 spell: Throw Frost
   643 | D:1      | Reached skill level 4 in Ice Magic
  1092 | D:2      | Reached skill level 1 in Fighting
  1092 | D:2      | Reached XP level 3. HP: 14/26 MP: 1/6
  1340 | D:2      | Reached XP level 4. HP: 24/32 MP: 2/7
  1647 | D:2      | Reached skill level 5 in Ice Magic
  2135 | D:3      | Reached XP level 5. HP: 34/38 MP: 1/8
  2326 | D:3      | Found a shimmering altar of Xom.
  2326 | D:3      | Found a sacrificial altar of Ru.
  2326 | D:3      | Found a radiant altar of Vehumet.
  2372 | D:3      | Found a transporter.
  2373 | D:3      | Noticed a hippogriff
  2395 | D:3      | Learned a level 3 spell: Ozocubu's Armour
  2399 | D:3      | Found a transporter.
  2429 | D:3      | Noticed Terence
  2512 | D:3      | Killed Terence
  2715 | D:3      | Found a hide-covered altar of Uskayaw.
  2823 | D:3      | Found a glowing golden altar of the Shining One.
  2857 | D:3      | Reached skill level 1 in Polearms
  2864 | D:3      | Reached XP level 6. HP: 41/46 MP: 3/10
  3391 | D:3      | Reached skill level 6 in Ice Magic
  4232 | D:4      | Reached XP level 7. HP: 52/52 MP: 5/11
  4368 | D:4      | Found a snail-covered altar of Cheibriados.
  4427 | D:4      | Noticed baghtru's ghost (novice HOFi)
  4469 | D:4      | HP: 2/52 [baghtru's ghost (17)]
  4481 | D:4      | Slain by baghtru's ghost

Skill      XL: |  1  2  3  4  5  6  7 |
---------------+----------------------+-----
Ice Magic      | 4 5 6 |  6.6
Fighting       | 1 2 3 |  3.6
Polearms       | 1 3 4 |  4.1
Dodging        | 3 |  3.8
Stealth        | |  2.1
Spellcasting   | |  2.9
Conjurations   | |  0.7

Action                   |  1- 3 |  4- 6 |  7- 9 || total
-------------------------+-------+-------+-------++-------
Melee: Unarmed           |     9 |       |       ||     9
       Short sword       |     1 |    38 |       ||    39
       Trident           |       |    45 |     9 ||    54
Throw: Stone             |       |     1 |       ||     1
       Tomahawk          |       |     1 |       ||     1
 Cast: Freeze            |    43 |    75 |    18 ||   136
       Throw Frost       |       |    19 |     1 ||    20
       Ozocubu's Armour  |       |     1 |     2 ||     3
Evoke: Wand              |       |       |     3 ||     3
  Use: Scroll            |     3 |     7 |       ||    10
       Potion            |       |       |     1 ||     1
 Stab: Sleeping          |     1 |     1 |     1 ||     3
  Eat: Chunk             |     2 |    11 |     1 ||    14
Armor: Robe              |    12 |    21 |     5 ||    38
Dodge: Dodged            |    33 |    75 |    18 ||   126
